 Dungeon Crawl Stone Soup version 0.20.1-1-g8b1a95d (webtiles) character file.

70 Liatris the Chopper (level 4, -19/34 HPs)
             Began as a Demonspawn Gladiator on Aug 13, 2017.
             Was an Initiate of Okawaru.
             Killed themself with a badly aimed iceblast (25 damage)
             ... on level 3 of the Dungeon.
             The game lasted 00:10:32 (1748 turns).

Liatris the Chopper (Demonspawn Gladiator)          Turns: 1748, Time: 00:10:33

Health: -19/34     AC:  4    Str: 15    XL:     4   Next: 3%
Magic:  4/4        EV: 13    Int:  9    God:    Okawaru [......]
Gold:   160        SH:  0    Dex: 15    Spells: 3/3 levels left

rFire    + + .     SeeInvis .   a - +0 war axe
rCold    x . .     Gourm    .   (no shield)
rNeg     . . .     Faith    .   b - +0 leather armour
rPois    .         Spirit   .   m - +1 hat
rElec    .         Reflect  .   (no cloak)
rCorr    .         Harm     .   (no gloves)
MR       .....                  (no boots)
Stlth    +.........             (no amulet)
Regen    0.2/turn               k - ring of fire
MPRegen  0.1/turn               (no ring)

@: no status effects
A: antennae 1, fire resistance 1
a: Renounce Religion


You were on level 3 of the Dungeon.
You worshipped Okawaru.
Okawaru was noncommittal.
You were not hungry.

You visited 1 branch of the dungeon, and saw 3 of its levels.

You collected 160 gold pieces.

Inventory:

Hand Weapons
 a - a +0 war axe (weapon)
Missiles
 d - 3 throwing nets (quivered)
Armour
 b - a +0 leather armour (worn)
 c - a +0 helmet
 m - a +1 hat (worn)
Jewellery
 g - a +2 ring of dexterity {unknown}
 k - a ring of fire (left hand)
 l - a cursed ring of teleportation
Wands
 n - a wand of random effects (4/48)
Potions
 e - a potion of agility {unknown}
 h - a potion of berserk rage {unknown}
Comestibles
 f - 2 bread rations
 i - 2 meat rations
 j - 2 fruits
 o - a royal jelly


   Skills:
 + Level 2.4 Fighting
 + Level 3.6 Axes
 + Level 1.9 Throwing
 + Level 0.5 Armour
 + Level 3.1 Dodging
 + Level 0.2 Stealth


You had 3 spell levels left.
You didn't know any spells.

Dungeon Overview and Level Annotations

Branches:
Dungeon (3/15)

Altars:
Okawaru
Xom

Annotations:
D:3 Grinder


Innate Abilities, Weirdness & Mutations

You have a pair of small antennae on your head.
Your flesh is heat resistant. (rF+)


Message History

* * * LOW HITPOINT WARNING * * *
You can move again.
Evoke which item? (* to show all) (? for menu, Esc to quit)
Aiming: Random Effects (will waste charges)
Press: ? - help, Shift-Dir - straight line, f/p - Grinder
Aim: Grinder The puff of flame misses Grinder.
Evoking this partially-identified wand wasted a few charges.
Grinder hits you.
* * * LOW HITPOINT WARNING * * *
Evoke which item? (* to show all) (? for menu, Esc to quit)
Aiming: Random Effects (will waste charges)
Press: ? - help, Shift-Dir - straight line, f/p - Grinder
Aim: Grinder The mass of ice explodes!
The iceblast engulfs Grinder.
Grinder partially resists.
Grinder is lightly wounded.
The iceblast engulfs you!
You feel a painful chill!
Ouch! That really hurt!
You die...

#.........####...
#.........'.##...
#.........#.##...
#.........#....#
##############.#
#...<# #.#
####.#### #.#
#.5..# #.# #@####
#.#
#.#############.#
#...............#
#################


You could see Grinder.

Vanquished Creatures
  An adder (D:2)
  An ooze (D:3)
  A worm (D:2)
  5 dart slugs
  A leopard gecko (D:1)
  3 giant cockroaches
  6 hobgoblins
  2 jackals (D:2)
  A bat (D:3)
  3 frilled lizards
  4 goblins
  9 kobolds
  3 rats (D:1)
40 creatures vanquished.

Notes
Turn   | Place    | Note
-------+----------+-------------------------------------------
     0 | D:1      | Liatris the Demonspawn Gladiator began the quest for the Orb.
     0 | D:1      | Reached XP level 1. HP: 16/16 MP: 1/1
    53 | D:1      | Found an iron altar of Okawaru.
    67 | D:1      | Became a worshipper of Warmaster Okawaru
    85 | D:1      | Gained mutation: Your flesh is heat resistant. (rF+) [demonic ancestry]
    85 | D:1      | Reached XP level 2. HP: 18/22 MP: 2/2
   681 | D:2      | Gained mutation: You have a pair of small antennae on your head. [demonic ancestry]
   681 | D:2      | Reached XP level 3. HP: 22/27 MP: 3/3
   888 | D:2      | Found a shimmering altar of Xom.
   991 | D:2      | Found a faded altar of an unknown god.
  1617 | D:3      | Reached XP level 4. HP: 27/34 MP: 4/4
  1701 | D:3      | Noticed Grinder
  1741 | D:3      | Paralysed by Grinder for 6 turns
  1748 | D:3      | Killed themself with a badly aimed iceblast

Skill      XL: |  1  2 |
---------------+-------+-----
Dodging        | 3 |  3.1
Axes           | 3 |  3.6
Fighting       | |  2.4
Throwing       | |  1.9
Armour         | |  0.5
Stealth        | |  0.2

Action                   |  1- 3 |  4- 6 || total
-------------------------+-------+-------++-------
Melee: War axe           |   109 |     8 ||   117
Throw: Throwing net      |       |     3 ||     3
Evoke: Wand              |       |     2 ||     2
  Use: Scroll            |     3 |       ||     3
       Potion            |     2 |       ||     2
 Stab: Sleeping          |     1 |       ||     1
  Eat: Bread ration      |     1 |       ||     1
Armor: Leather armour    |    25 |     2 ||    27
Dodge: Dodged            |    78 |     4 ||    82
